AoeStats
← pelicanul

MegaRandom

506688487Analyzed
3v3 RM · 18d ago on Sep 14, 2026· 49m 49s· 6 players
Game mode
Random Map
Map size
Normal (6 player)
Population
200
Speed
Normal
Resources
Standard
Victory
Conquest
Starting age
Dark Age
Ending age
Imperial Age
RankedLock teamsTeams togetherTeam positionsShared explorationLock speedFull tech treeHidden civsTurbo modeCheats
Victory
Defeat
🇷🇴 Romans · Romania
1046
+12
🇷🇴 Inca · Romania
1001
+14
🇧🇷 Koreans · Brazil
951
+17
🇬🇧 Ethiopians · United Kingdom
987
-15
🇬🇧 Portuguese · United Kingdom
969
-15
🇬🇧 Vietnamese · United Kingdom
928
-13
AgentCage
5:47 Loom
9:24 Feudal Age
9:59 Double-Bit Axe
16:51 Castle Age
15:46 Fletching
16:05 Horse Collar
17:17 Crossbowman
22:35 Wheelbarrow
22:12 Thumb Ring
22:24 Bodkin Arrow
23:58 Bow Saw
26:32 Padded Archer Armor
32:07 Ballistics
35:39 Imperial Age
34:13 Leather Archer Armor
34:10 Forging
34:01 Scale Mail Armor
35:41 Elite Shotel Warrior
36:27 Royal Heirs
36:46 Arbalester
38:02 Ring Archer Armor
37:33 Bracer
43:05 Chain Mail Armor
43:23 Siege Engineers
46:03 Hand Cart
tjb35
6:33 Loom
9:57 Feudal Age
11:18 Double-Bit Axe
11:16 Horse Collar
18:06 Castle Age
19:06 Elite Skirmisher
20:20 Bow Saw
21:55 Ballistics
22:00 Heavy Plow
24:20 Fletching
27:43 Wheelbarrow
29:57 Wheelbarrow
30:54 Forging
30:50 Scale Barding Armor
30:33 Light Cavalry
32:27 Bloodlines
38:31 Thumb Ring
41:21 Bodkin Arrow
41:29 Padded Archer Armor
47:29 Hand Cart
EDD
1:44 Loom
9:51 Feudal Age
10:23 Double-Bit Axe
12:40 Wheelbarrow
16:31 Castle Age
15:03 Town Watch
17:37 Hand Cart
17:35 Bow Saw
19:17 Horse Collar
21:05 Husbandry
24:44 Ballistics
26:39 Bloodlines
27:17 Murder Holes
27:32 Masonry
27:28 Light Cavalry
30:17 Scale Barding Armor
34:14 Imperial Age
32:14 Forging
35:17 Elite Organ Gun
36:47 Conscription
37:19 Chain Barding Armor
37:25 Gold Mining
38:45 Cavalier
40:04 Plate Barding Armor
41:08 Fletching
41:48 Bodkin Arrow
42:29 Iron Casting
Takumi
12:36 Feudal Age
14:04 Wheelbarrow
12:57 Champi Runner
14:06 Town Watch
14:13 Double-Bit Axe
16:47 Scale Mail Armor
24:12 Castle Age
27:28 Town Patrol
28:35 Hand Cart
35:35 Imperial Age
33:42 Bow Saw
33:16 Horse Collar
33:58 Fortified Wall
33:37 Champi Warrior
34:38 Chain Mail Armor
36:05 Squires
36:21 Forging
37:43 Plate Mail Armor
42:32 Elite Kamayuk
44:49 Iron Casting
46:29 Horse Collar
49:05 Ballistics
Mkc
11:22 Feudal Age
9:39 Loom
14:54 Double-Bit Axe
19:41 Fletching
24:00 Castle Age
23:08 Horse Collar
28:52 Bodkin Arrow
29:10 Bow Saw
30:11 Gold Mining
30:11 Stone Mining
34:02 Crossbowman
36:02 Gold Shaft Mining
37:52 Thumb Ring
41:01 Wheelbarrow
43:05 Caravan
47:26 Imperial Age
46:43 Coinage
47:53 Arbalester
48:37 Bracer
pelicanul
6:46 Loom
9:58 Feudal Age
10:28 Man-at-Arms
10:58 Horse Collar
11:11 Double-Bit Axe
12:57 Wheelbarrow
13:11 Scale Mail Armor
13:22 Forging
21:36 Castle Age
22:04 Long Swordsman
23:13 Squires
24:23 Chain Mail Armor
24:43 Iron Casting
31:34 Hand Cart
37:45 Imperial Age
37:11 Bow Saw
37:31 Ballistics
37:57 Town Watch
39:26 Blast Furnace
37:51 Heavy Scorpion
37:52 Capped Ram
39:52 Legionary
43:04 Siege Ram
44:13 Gold Mining
Connection lost

Rejoining the realm…

Still unreachable

The connection could not be restored.

Session expired

The server has moved on; the page needs a fresh start.